 Dungeon Crawl Stone Soup version 0.16.2-12-gd0ad4c3 (webtiles) character file.

149 faibistes the Magician (level 5, 0/28 HPs)
             Began as a Deep Elf Wizard on Sept 17, 2018.
             Succumbed to faibistes' ghost's poison
             ... on level 3 of the Dungeon.
             The game lasted 00:06:45 (2768 turns).

faibistes the Magician (Deep Elf Wizard)            Turns: 2768, Time: 00:06:45

Health: 0/28       AC:  3    Str:  4    XL:     5   Next: 9%
Magic:  14/20      EV: 13    Int: 24    God:
Gold:   97         SH:  0    Dex: 13    Spells: 6 memorised, 3 levels left

rFire  . . .     SeeInvis .     g - +0 dagger
rCold  . . .     Clarity  .     a - +0 robe
rNeg   . . .     SustAb   .     (no shield)
rPois  .         Gourm    .     h - +1 hat
rElec  .         Spirit   .     (no cloak)
rCorr  .         Warding  .     (no gloves)
rMut   .         Stasis   .     (no boots)
MR     .....                    (no amulet)
Stlth  ++........               (no ring)
                                (no ring)

@: lethally poisoned (0 -> -17), very slightly contaminated, repel missiles, not
resistant to hostile enchantments, unstealthy
A: no striking features
a: no special abilities


You were on level 3 of the Dungeon.
You were hungry.

You visited 1 branch of the dungeon, and saw 4 of its levels.

You collected 97 gold pieces.

Inventory:

Hand weapons
 g - a +0 dagger (weapon)
 m - a +1 vampiric dagger
Armour
 a - a +0 robe (worn)
 b - a +0 hat
 h - a +1 hat (worn)
Scrolls
 e - a scroll of random uselessness
 j - 2 scrolls of teleportation
 l - a scroll of remove curse
Books
 c - a book of Minor Magic

   Spells                             Type                      Level
   a - Magic Dart                     Conjuration                  1
   b - Blink                          Translocation                2
   c - Call Imp                       Summoning                    2
   d - Repel Missiles                 Charms/Air                   2
   e - Slow                           Hexes                        2
   f - Conjure Flame                  Conjuration/Fire             3
   g - Mephitic Cloud                 Conjuration/Poison/Air       3
Comestibles
 d - a bread ration
 f - a beef jerky
 k - a meat ration


   Skills:
 + Level 3.6 Dodging
 - Level 2.4 Stealth
 * Level 6.0 Spellcasting
 * Level 3.4 Conjurations
 - Level 1.1 Summonings
 - Level 1.1 Translocations


You had 3 spell levels left.
You knew the following spells:

 Your Spells              Type           Power        Failure   Level  Hunger
a - Magic Dart            Conj           ###.         1%          1    None
b - Conjure Flame         Conj/Fire      ###.....     14%         3    #......
c - Call Imp              Summ           ##......     10%         2    None
d - Blink                 Tloc           N/A          10%         2    None
e - Mephitic Cloud        Conj/Pois/Air  ##......     17%         3    #......
f - Repel Missiles        Chrm/Air       #.....       12%         2    None


Dungeon Overview and Level Annotations

Branches:
Dungeon (4/15)
 Temple: D:4-7

Altars:

Annotations:
D:4 faibistes' ghost, average DEWz


Message History

* * * LOW HITPOINT WARNING * * *
In your confused state, you trip and fall back down the stairs.
* * * LOW HITPOINT WARNING * * *
x2 You feel sick.
Faibistes' ghost hits you but does no damage.
You are more poisoned.
The white imp hits you but does no damage.
A kobold comes into view. It is wielding a whip.
You feel less confused.
* * * LOW HITPOINT WARNING * * *
You feel sick. Faibistes' ghost completely misses you.
The white imp hits you but does no damage.
You climb upwards.
* * * LOW HITPOINT WARNING * * *
You feel sick.
There is a stone staircase leading down here.
There is a lethal amount of poison in your body!
There is a lethal amount of poison in your body!
There is a lethal amount of poison in your body!
You die...

....#.##..#.#.#
###.#.......#.########
##s######...........#
#.%.#...............#
#s†≈####............#
#≈≈≈# #.....)......#
#≈≈≈# ###...##..##.#
#≈≈≈# #...#8..8#.#
#≈∩≈# #.....@)...#
#≈≈≈# ###.......##
#≈h≈# #..#8..8##
#≈≈≈######.#.##..##
#≈5≈#.....##>#####
#...#.##..##.####
#...#.#.........#
#.............###
#.#.#####....##


There were no monsters in sight!

Vanquished Creatures
  A giant frog zombie (D:3)
  Natasha (twice) (D:3)
  An adder (D:3)
  A worm (D:3)
  2 giant mites
  2 giant geckos
  2 orcs (D:3)
  5 giant cockroaches
  6 hobgoblins
  A quokka (D:3)
  10 bats
  A giant newt (D:1)
  5 goblins
  5 jackals (D:1)
  7 kobolds
  8 rats
59 creatures vanquished.

Vanquished Creatures (collateral kills)
  A hobgoblin (D:1)
  A jackal (D:1)
  A kobold (D:1)
3 creatures vanquished.

Grand Total: 62 creatures vanquished

Notes
Turn   | Place    | Note
--------------------------------------------------------------
     0 | D:1      | faibistes, the Deep Elf Wizard, began the quest for the Orb.
     0 | D:1      | Reached XP level 1. HP: 10/10 MP: 6/6
   424 | D:1      | Reached XP level 2. HP: 15/15 MP: 8/10
   431 | D:1      | Learned a level 2 spell: Blink
   434 | D:1      | Learned a level 2 spell: Call Imp
   704 | D:1      | Reached skill level 5 in Spellcasting
  1366 | D:3      | Reached XP level 3. HP: 19/19 MP: 11/14
  1371 | D:3      | Learned a level 3 spell: Conjure Flame
  1375 | D:3      | Learned a level 3 spell: Mephitic Cloud
  1423 | D:3      | Noticed Natasha
  1580 | D:3      | Killed Natasha
  1845 | D:3      | Reached XP level 4. HP: 15/24 MP: 3/17
  1849 | D:3      | Learned a level 2 spell: Repel Missiles
  2076 | D:3      | Noticed Natasha
  2077 | D:3      | Found a glowing drain.
  2113 | D:4      | Reached skill level 6 in Spellcasting
  2361 | D:3      | Killed Natasha
  2361 | D:3      | Reached XP level 5. HP: 8/28 MP: 6/20
  2669 | D:4      | Noticed faibistes' ghost (average DEWz)
  2767 | D:3      | HP: 1/28 [poisoned by faibistes' ghost]
  2768 | D:3      | Succumbed to faibistes' ghost's poison

Action                   |  1- 3 |  4- 6 || total
-------------------------+-------+-------++-------
Melee: Dagger            |    14 |       ||    14
 Cast: Magic Dart        |    98 |    50 ||   148
       Call Imp          |     4 |       ||     4
       Mephitic Cloud    |     2 |     2 ||     4
       Blink             |     1 |     5 ||     6
       Conjure Flame     |     1 |       ||     1
       Repel Missiles    |       |     1 ||     1
  Use: Scroll            |     3 |     2 ||     5
  Eat: Chunk             |     3 |     2 ||     5
